 Dungeon Crawl Stone Soup version 0.21-a0-2-ge494091 (webtiles) character file.

214 nikopol the Skirmisher (level 5, -1/51 HPs)
             Began as a Gargoyle Berserker on May 21, 2017.
             Was a Believer of Trog.
             Slain by an orc
             ... wielding a +0 club
              (4 damage)
             ... on level 4 of the Dungeon.
             The game lasted 00:06:09 (2044 turns).

nikopol the Skirmisher (Gargoyle Berserker)         Turns: 2044, Time: 00:06:10

Health: -1/51      AC: 10    Str: 25    XL:     5   Next: 91%
Magic:  5/5        EV: 12    Int:  8    God:    Trog [**....]
Gold:   113        SH:  0    Dex: 10    Spells: 4/4 levels left

rFire    . . .     SeeInvis .   a - +0 hand axe
rCold    . . .     Gourm    .   (no shield)
rNeg     + + .     Faith    .   g - +0 ring mail {rN+}
rPois    ∞         Spirit   .   (no helmet)
rElec    +         Reflect  .   m - +0 cloak
rCorr    .         Harm     .   (no gloves)
MR       .....                  (no boots)
Stlth    ..........             (no amulet)
Regen    0.2/turn               (no ring)
MPRegen  0.1/turn               (no ring)

@: berserking (expiring), very quick
A: negative energy resistance 1, electricity resistance, unbreathing,
petrification resistance, rot immunity, AC +4
a: Berserk, Trog's Hand, Burn Spellbooks, Renounce Religion


You were on level 4 of the Dungeon.
You worshipped Trog.
Trog was pleased with you.
You were hungry.

You visited 1 branch of the dungeon, and saw 4 of its levels.

You collected 113 gold pieces.

Inventory:

Hand Weapons
 a - a +0 hand axe (weapon)
Armour
 b - a +0 animal skin
 g - a +0 ring mail of positive energy (worn)
 m - a +0 cloak (worn)
Jewellery
 d - an uncursed amulet of the gourmand {unknown}
Scrolls
 e - a scroll of enchant armour {unknown}
 f - 2 scrolls of identify {unknown}
 i - a scroll of amnesia {unknown}
 k - 2 scrolls of remove curse {unknown}
 p - 3 scrolls of fog {unknown}
 q - a scroll of teleportation {unknown}
Potions
 l - a potion of curing {unknown}
 n - a potion of flight {unknown}
Comestibles
 c - 4 bread rations
 h - 3 meat rations
 j - a royal jelly
 o - 5 chunks of flesh


   Skills:
 + Level 4.5 Fighting
 + Level 3.7 Axes
 + Level 3.5 Armour
 + Level 2.8 Dodging


You had 4 spell levels left.
You didn't know any spells.

Dungeon Overview and Level Annotations

Branches:
Dungeon (4/15)
 Temple: D:4-7

Altars:
Nemelex Xobeh
The Shining One


Innate Abilities, Weirdness & Mutations

You are resistant to torment.
Your stone body is resilient. (AC +4)
You are immune to poison.
You resist negative energy. (rN+)
You are resistant to electric shocks. (rElec)
You can survive without breathing.
You are immune to petrification.
You are immune to rotting.


Message History

Trog accepts your kill.
The orc priest calls down the wrath of Beogh upon you.
Beogh smites you!
* * * LOW HITPOINT WARNING * * *
You hear an angry hiss.
You slice the orc!!
You kill the orc!
Trog accepts your kill.
The orc priest calls down the wrath of Beogh upon you.
You are unaffected.
A leopard gecko comes into view.
The quokka skeleton bites you but does no damage.
Found a scroll labeled PYATZUXOSE.
Items here: ))) [ †† You feel a strong urge to attack something.
The orc priest hits you but does no damage.
The quokka skeleton bites you.
* * * LOW HITPOINT WARNING * * *
The orc hits you with a club.
You die...

........... ......
.../..=...........
.##...........##...##
...................
#..........###.l.##
.................##.#
#####.##.......o.o....?.
.......##....##Z@..###.
.##..........#[)...%...#
....#.#......#.#.....###
..###.#.<.....)#...#.# .
#.......?......# $(
#.......#...##.... ..
#.##....#...# ##... .
............... ....
..#..........##.# #..


You could see an orc priest, an orc, a leopard gecko and a quokka skeleton.

Vanquished Creatures
  An orc wizard (D:4)
  An orc priest (D:4)
  A worker ant (D:3)
  3 gnolls (D:2)
  3 adders
  2 leopard geckos
  6 orcs
  3 giant cockroaches
  8 goblins
  6 hobgoblins
  9 jackals
  A quokka (D:3)
  8 bats
  4 frilled lizards
  9 kobolds
  5 rats
70 creatures vanquished.

Notes
Turn   | Place    | Note
-------+----------+-------------------------------------------
     0 | D:1      | nikopol the Gargoyle Berserker began the quest for the Orb.
     0 | D:1      | Reached XP level 1. HP: 14/14 MP: 1/1
    94 | D:1      | Reached XP level 2. HP: 19/19 MP: 2/2
   465 | D:1      | Found a sparkling altar of Nemelex Xobeh.
   655 | D:2      | Reached XP level 3. HP: 23/23 MP: 3/3
   937 | D:2      | Found a glowing golden altar of the Shining One.
   961 | D:2      | Reached skill level 4 in Fighting
   961 | D:2      | Reached XP level 4. HP: 26/29 MP: 4/4
   997 | D:2      | Reached ** piety under Trog
  1437 | D:3      | Reached XP level 5. HP: 26/33 MP: 5/5
  2044 | D:4      | Slain by an orc

Vault maps used:
D:1:      dpeg_arrival_oval, hangedman_decor_points,
          nemelex_diamond_rough_becter
D:2:      tso_altar
D:4:      first_bread, serial_park_tiny_2, nicolae_qazlal_eye_of_the_storm

Skill      XL: |  1  2  3  4 |
---------------+-------------+-----
Axes           | 3 |  3.7
Dodging        | 2 |  2.8
Fighting       | 4 |  4.5
Armour         | 3 |  3.5

Action                   |  1- 3 |  4- 6 || total
-------------------------+-------+-------++-------
Melee: Hand axe          |    81 |   150 ||   231
Invok: Berserk           |       |     1 ||     1
  Eat: Chunk             |       |     4 ||     4
Armor: Animal skin       |     5 |       ||     5
       Ring mail         |    27 |    80 ||   107
Dodge: Dodged            |    64 |   141 ||   205
